AoeStats
← DS_Kvothe

Arena

508319438Analyzed
1v1 RM · 10d ago on Sep 21, 2026· 33m 54s· 2 players
Game mode
Random Map
Map size
Tiny (2 player)
Population
200
Speed
Normal
Resources
Standard
Victory
Conquest
Starting age
Dark Age
Ending age
Imperial Age
RankedLock teamsTeams togetherTeam positionsShared explorationLock speedFull tech treeHidden civsTurbo modeCheats
Victory
Defeat
🇺🇸 Malians · United States
2025
+11
🇦🇷 Persians · Argentina
1908
-11
Ornlu
10:33 Feudal Age
11:57 Loom
14:45 Castle Age
12:50 Double-Bit Axe
13:27 Horse Collar
15:55 Bow Saw
18:57 Sanctity
19:49 Redemption
24:01 Town Watch
28:42 Imperial Age
26:42 Fervor
26:42 Gold Mining
28:31 Pikeman
29:42 Block Printing
30:38 Theocracy
30:44 Theocracy
31:16 Fletching
DS_Kvothe
10:28 Feudal Age
13:57 Castle Age
12:26 Double-Bit Axe
15:41 Loom
17:07 Light Cavalry
21:09 Fletching
22:55 Horse Collar
27:11 Bow Saw
27:53 Wheelbarrow
31:57 Imperial Age
29:54 Bloodlines
29:44 Husbandry
29:52 Gold Mining
30:23 Masonry
31:09 Hand Cart
31:04 Husbandry
31:12 Bodkin Arrow
Connection lost

Rejoining the realm…

Still unreachable

The connection could not be restored.

Session expired

The server has moved on; the page needs a fresh start.